AoeStats
← AOKI_Shogi

Arabia

510638224Analyzed
4v4 RM · 1d ago on Oct 1, 2026· 30m 21s· 8 players
Game mode
Random Map
Map size
Large (8 player)
Population
200
Speed
Normal
Resources
Standard
Victory
Conquest
Starting age
Dark Age
Ending age
Imperial Age
RankedLock teamsTeams togetherTeam positionsShared explorationLock speedFull tech treeHidden civsTurbo modeCheats
Victory
Defeat
🇫🇷 Ethiopians · France
1502
+11
🇨🇭 Magyars · Switzerland
1487
+11
🇫🇷 Lithuanians · France
1430
+14
🇫🇷 Britons · France
1405
+15
🇺🇸 Gurjaras · United States
1456
-16
🇺🇸 Ethiopians · United States
1412
-14
🇨🇴 Saracens · Colombia
1338
-11
🇨🇴 Teutons · Colombia
1320
-10
mikeymazko
7:06 Loom
9:28 Feudal Age
10:08 Double-Bit Axe
14:16 Fletching
18:34 Padded Archer Armor
22:41 Horse Collar
27:33 Castle Age
26:00 Gold Mining
27:33 Crossbowman
28:12 Bodkin Arrow
Arribia
6:28 Loom
9:19 Feudal Age
9:50 Double-Bit Axe
16:06 Forging
17:31 Scale Barding Armor
20:39 Bloodlines
25:06 Castle Age
25:17 Gold Mining
25:07 Horse Collar
26:27 Bow Saw
27:36 Chain Barding Armor
28:11 Husbandry
Caballero Cruzado
6:47 Loom
8:59 Feudal Age
7:16 Loom
9:49 Double-Bit Axe
18:12 Forging
20:16 Scale Barding Armor
21:22 Bloodlines
26:28 Castle Age
25:18 Gold Mining
25:19 Horse Collar
26:16 Wheelbarrow
27:31 Chain Barding Armor
27:46 Iron Casting
28:45 Hand Cart
dArkie™
6:48 Loom
9:13 Feudal Age
12:59 Fletching
16:25 Padded Archer Armor
23:06 Double-Bit Axe
23:06 Horse Collar
28:12 Castle Age
28:12 Crossbowman
AOKI_Shogi
5:43 Loom
8:50 Feudal Age
12:15 Fletching
12:41 Double-Bit Axe
17:00 Padded Archer Armor
18:09 Wheelbarrow
17:28 Horse Collar
23:42 Castle Age
23:48 Crossbowman
24:32 Bodkin Arrow
25:03 Bow Saw
25:29 Gold Mining
27:04 Leather Archer Armor
29:05 Ballistics
Daniel Chassagnez
6:49 Loom
9:11 Feudal Age
11:23 Double-Bit Axe
12:02 Fletching
19:58 Padded Archer Armor
22:45 Wheelbarrow
26:05 Castle Age
24:21 Gold Mining
25:01 Horse Collar
26:07 Crossbowman
26:43 Bodkin Arrow
28:08 Bow Saw
30:47 Thumb Ring
BehCoY
6:02 Loom
6:43 Loom
9:13 Feudal Age
10:19 Double-Bit Axe
10:15 Horse Collar
13:36 Wheelbarrow
18:45 Scale Barding Armor
22:51 Castle Age
22:06 Bloodlines
21:58 Gold Mining
23:57 Bow Saw
24:09 Chain Barding Armor
23:52 Husbandry
29:42 Hand Cart
30:59 Heavy Plow
Yarcla
6:12 Loom
8:43 Feudal Age
9:19 Double-Bit Axe
17:28 Forging
17:38 Scale Barding Armor
22:35 Castle Age
21:13 Bloodlines
23:51 Chain Barding Armor
23:59 Husbandry
31:30 Iron Casting
Connection lost

Rejoining the realm…

Still unreachable

The connection could not be restored.

Session expired

The server has moved on; the page needs a fresh start.